 Dungeon Crawl Stone Soup version 0.25-a0-302-g9f758675c1 (webtiles) character file.

Game seed: 5803538169470433772, levelgen mode: deterministic

361 vishdafish the Shield-Bearer (level 6, 0/44 HPs)
             Began as a Formicid Arcane Marksman on Dec 20, 2019.
             Was an Initiate of Yredelemnul.
             Slain by Sigmund
             ... wielding a +0 scythe
              (4 damage)
             ... on level 4 of the Dungeon.
             The game lasted 00:05:12 (3013 turns).

vishdafish the Shield-Bearer (FoAM)                 Turns: 3013, Time: 00:05:12

Health: 0/44       AC:  8    Str: 15    XL:     6   Next: 98%
Magic:  7/7        EV: 10    Int: 13    God:    Yredelemnul [......]
Gold:   108        SH:  0    Dex: 12    Spells: 6/7 levels left

rFire    . . .     SeeInvis +   o - +0 hand axe
rCold    + . .     Gourm    .   (no shield)
rNeg     . . .     Faith    .   k - +0 scale mail
rPois    .         Spirit   .   (helmet unavailable)
rElec    .         Reflect  .   (no cloak)
rCorr    .         Harm     .   (no gloves)
MR       .....                  i - +1 pair of boots
Stlth    ..........             (no amulet)
HPRegen  0.14/turn              n - ring of protection from cold
MPRegen  0.10/turn              (no ring)

@: flying
A: permanent stasis, dig shafts and tunnels, four strong arms, antennae 3
a: Dig, Shaft Self, Renounce Religion


You were on level 4 of the Dungeon.
You worshipped Yredelemnul.
Yredelemnul was noncommittal.
You were not hungry.

You visited 1 branch of the dungeon, and saw 4 of its levels.

You collected 108 gold pieces.

Inventory:

Hand Weapons
 a - a +0 hand crossbow
 o - a +0 hand axe (weapon)
Missiles
 d - 28 bolts
Armour
 e - a +0 robe
 i - a +1 pair of boots (worn)
 k - a +0 scale mail (worn)
 x - a cursed +0 shield
Jewellery
 n - a ring of protection from cold (left hand)
Scrolls
 g - 7 scrolls of identify {unknown}
 h - a scroll of random uselessness {unknown}
 j - 2 scrolls of fear {unknown}
 l - 2 scrolls of magic mapping {unknown}
 m - 3 scrolls of teleportation {unknown}
 t - 2 scrolls of remove curse {unknown}
 u - a scroll of enchant weapon {unknown}
 v - a scroll of blinking {unknown}
 w - a scroll of noise {unknown}
 y - 2 scrolls of enchant armour {unknown}
Potions
 p - a potion of resistance {unknown}
 q - a potion of cancellation {unknown}
 r - a potion of heal wounds {unknown}
 s - 2 potions of flight
Comestibles
 f - 10 rations


   Skills:
 - Level 2.2 Fighting
 * Level 3.5 Axes
 - Level 2.7 Crossbows
 - Level 2.0 Armour
 - Level 2.0 Dodging
 * Level 4.3 Shields
 - Level 1.1 Spellcasting
 - Level 3.6 Hexes


You had 6 spell levels left.
You knew the following spells:

 Your Spells              Type           Power        Failure   Level  Hunger
a - Corona                Hex            ##.....      26%         1    ##.....

Your spell library contained the following spells:

 Spells                   Type           Power        Failure   Level  Hunger
 Slow                     Hex            ##......     36%         2    ###....
 Inner Flame              Hex/Fire       #.......     83%         3    ####...
 Portal Projectile        Hex/Tloc       #.....       83%         3    ####...
 Cause Fear               Hex            ##........   94%         4    #####..
 Leda's Liquefaction      Hex/Erth       #.........   99%         4    #####..


Dungeon Overview and Level Annotations

Branches:
Dungeon (4/15)
 Temple: D:4-7

Altars:
Hepliaklqana
Vehumet
Yredelemnul

Annotations:
D:4 2 transporters, Sigmund


Innate Abilities, Weirdness & Mutations

You cannot be hasted, slowed, berserked, paralysed or teleported.
You can dig through walls and to a lower floor.
Your four strong arms can wield two-handed weapons with a shield.
You have a pair of large antennae on your head. (SInv)


Message History

Sigmund is moderately wounded.
Sigmund points at you and mumbles some strange words.
You resist with some effort.
You completely miss Sigmund.
Sigmund is moderately wounded.
Sigmund casts a spell at you. You resist with some effort.
Sigmund hits you with a +0 scythe!
You aren't carrying any items that you can evoke.
It was a potion of flight.
You feel very buoyant.
You fly up into the air.
You barely miss Sigmund.
Sigmund is moderately wounded.
Sigmund hits you with a +0 scythe!
* * * LOW HITPOINT WARNING * * *
You closely miss Sigmund.
Sigmund is moderately wounded.
Sigmund hits you with a +0 scythe.
You die...
Your body rises from the dead as a mindless zombie.

### .. ..# ...
#.# ..). #.#
....###.#
©.....#.#
#####..@#
...8##.@#
.....W#..#
$©.##n#..#
##...##s#..# ..#
.......©#..#
..#. #...##.#..#
..#.##...##.#..#
..#..=[$)[..#.##
#.##8$._.$8##.#


You could see a hungry ghost, Sigmund (invisible), a necrophage and a giant
cockroach.

Vanquished Creatures
  A centaur (D:3)
  The ghost of Shadow153 the Caller, an amateur KoSu (D:3)
  Terence (D:3)
  Robin (D:3)
  6 adders
  4 gnolls (D:3)
  4 worms (D:3)
  A dart slug (D:1)
  2 orcs (D:3)
  3 ball pythons
  6 bats
  2 giant cockroaches
  17 goblins
  4 hobgoblins (D:3)
  3 jackals (D:1)
  4 frilled lizards
  8 kobolds
  9 rats
77 creatures vanquished.

Vanquished Creatures (others)
  A giant cockroach (D:3)
1 creature vanquished.

Grand Total: 78 creatures vanquished

Notes
Turn   | Place    | Note
-------+----------+-------------------------------------------
     0 | D:1      | vishdafish the Formicid Arcane Marksman began the quest for
                  | the Orb.
     0 | D:1      | Reached XP level 1. HP: 15/15 MP: 2/2
   101 | D:1      | Reached XP level 2. HP: 21/21 MP: 3/3
   386 | D:1      | Reached XP level 3. HP: 27/27 MP: 4/4
   390 | D:1      | Reached skill level 1 in Armour
  1134 | D:2      | Reached XP level 4. HP: 33/33 MP: 5/5
  1413 | D:3      | Noticed Terence
  1438 | D:3      | Killed Terence
  1438 | D:3      | Reached skill level 1 in Shields
  1542 | D:3      | Reached skill level 1 in Axes
  1601 | D:3      | Reached XP level 5. HP: 37/38 MP: 6/6
  1751 | D:3      | Reached skill level 2 in Shields
  1773 | D:3      | Noticed Robin
  1792 | D:3      | Killed Robin
  1842 | D:3      | Found a radiant altar of Vehumet.
  1885 | D:3      | Noticed a centaur
  1908 | D:3      | Killed a centaur
  1908 | D:3      | Reached skill level 3 in Shields
  1908 | D:3      | Reached XP level 6. HP: 15/44 MP: 7/7
  2349 | D:3      | Found a runed translucent door.
  2897 | D:3      | Noticed Shadow153's ghost (amateur KoSu)
  2918 | D:3      | Killed Shadow153's ghost
  2918 | D:3      | Reached skill level 4 in Shields
  2940 | D:4      | Found a basalt altar of Yredelemnul.
  2960 | D:4      | Became a worshipper of Yredelemnul the Dark
  2983 | D:4      | Found a hazy altar of Hepliaklqana.
  2983 | D:4      | Noticed a hungry ghost
  2983 | D:4      | Noticed a necrophage
  2987 | D:4      | Found a transporter.
  2994 | D:4      | Found a transporter.
  2996 | D:4      | Noticed Sigmund
  3013 | D:4      | Slain by Sigmund

Levels and vault maps discovered:
D:1:      ebering_trefoil_3fold, layout_rooms
D:2:      layout_basic
D:3:      layout_loops_ring, vehumet_crystals, ebering_ghost_reflecting_pool,
          uniq_robin, uniq_terence
D:4:      layout_basic, gammafunk_temple_overflow_arena,
          yredelemnul_altar_generic, first_ration, mrwooster_statue_mirror,
          uniq_eustachio, uniq_sigmund, uniq_crazy_yiuf_cottage, uniq_ijyb

Skill      XL: |  1  2  3  4  5  6 |
---------------+-------------------+-----
Dodging        | 2 |  2.0
Armour         | 2 |  2.0
Fighting       | 2 |  2.2
Shields        | 1 3 4 |  4.3
Axes           | 1 2 3 |  3.5
Crossbows      | |  2.7
Spellcasting   | |  1.1
Hexes          | |  3.6

Action                   |  1- 3 |  4- 6 || total
-------------------------+-------+-------++-------
Melee: Hand axe          |    51 |   229 ||   280
 Fire: Hand crossbow     |    55 |       ||    55
  Use: Potion            |       |     3 ||     3
 Stab: Invisible         |       |     5 ||     5
  Eat: Chunk             |       |     7 ||     7
Armor: Scale mail        |    34 |   106 ||   140
       Robe              |     1 |       ||     1
Dodge: Dodged            |    53 |   132 ||   185

Table legend:
 A = Non-vault XP
 B = Vault XP
 C = Vault XP percentage of total XP
 D = Non-vault monster count
 E = Vault monster count
 F = Vault count percentage of total count
                 A         B        C        D         E       F
            +---------+---------+-------+---------+---------+-------
      Total |     349 |     167 |  32.4 |      64 |      13 |  16.9
            +---------+---------+-------+---------+---------+-------
        D:1 |      35 |       0 |   0.0 |      21 |       0 |   0.0
        D:2 |      44 |       0 |   0.0 |      13 |       0 |   0.0
        D:3 |     268 |     167 |  38.4 |      29 |      13 |  31.0
        D:4 |       2 |       0 |   0.0 |       1 |       0 |   0.0
            +---------+---------+-------+---------+---------+-------
